 Dungeon Crawl Stone Soup version 0.30-a0-830-gfe289a77b0 (webtiles) character file.

Game seed: 9696008463969084299

7 zenocrate the Shooter (level 2, -3/23 HPs)
             Began as a Formicid Hunter on Mar 1, 2023.
             Slain by a kobold
             ... wielding a +0 whip
              (5 damage)
             ... on level 1 of the Dungeon.
             The game lasted 00:00:04 (31 turns).

zenocrate the Shooter (Formicid Hunter)               Turns: 31, Time: 00:00:05

Health: -3/23      AC:  3    Str: 15    XL:     2   Next: 5%
Magic:  2/2        EV: 12    Int:  8    God:
Gold:   0          SH:  0    Dex: 17    Spells: 1/1 levels left

rFire   . . .      SeeInvis +    a - +0 shortbow
rCold   . . .      Faith    .    (no shield)
rNeg    . . .      Spirit   .    c - +0 leather armour
rPois   .          Reflect  .    (helmet unavailable)
rElec   .          Harm     .    (no cloak)
rCorr   .          Rampage  .    (no gloves)
Will    .....                    (no boots)
Stlth   ++                       (no amulet)
HPRegen 0.23/turn                (no ring)
MPRegen 0.08/turn                (no ring)

@: no status effects
A: permanent stasis, dig shafts and tunnels, antennae 3, four strong arms
a: Dig, Shaft Self


You were on level 1 of the Dungeon.
You visited 1 branch of the dungeon, and saw 1 of its levels.

Inventory:

Hand Weapons
 a - a +0 shortbow (weapon)
Armour
 c - a +0 leather armour (worn)
Scrolls
 b - a scroll of immolation


   Skills:
 + Level 2.3 Fighting
 + Level 4.1 Ranged Weapons
 + Level 1.9 Dodging
 + Level 1.6 Stealth


You had one spell level left.
You didn't know any spells.
Your spell library was empty.

Dungeon Overview and Level Annotations

Branches:
Dungeon (1/15)

Altars:


Innate Abilities, Weirdness & Mutations

You cannot be hasted, slowed, berserked, paralysed or teleported.
You can dig through walls and to a lower floor.
You have a pair of large antennae on your head. (SInv)
Your four strong arms can wield two-handed weapons with a shield.


Message History

A kobold comes into view. It is wielding a +0 dagger.
A quokka comes into view.
The giant cockroach bites you.
There are monsters nearby!
You shoot an arrow. The arrow hits the giant cockroach!
You kill the giant cockroach!
The giant cockroach closely misses you.
A kobold comes into view. It is wielding a +0 whip.
There are monsters nearby!
You shoot an arrow. The arrow barely misses the kobold.
The kobold shouts!
The arrow hits the quokka.
You kill the quokka!
You hear a shout!
The giant cockroach bites you but does no damage.
A kobold comes into view. It is wielding a +0 dagger.
The kobold hits you with a +0 dagger.
You shoot an arrow. The arrow closely misses the kobold.
The arrow barely misses the kobold.
The giant cockroach barely misses you. The kobold hits you with a +0 dagger.
The giant cockroach closely misses you.
You shoot an arrow. The arrow closely misses the kobold.
The kobold barely misses you. The giant cockroach misses you.
You shoot an arrow. The arrow hits the kobold!
You kill the kobold!
The giant cockroach bites you.
The giant cockroach bites you but does no damage.
The kobold hits you with a +0 whip.
You shoot an arrow. The arrow hits the giant cockroach.
You kill the giant cockroach!
The kobold hits you with a +0 whip.
* * * LOW HITPOINT WARNING * * *
You have reached level 2!
You shoot an arrow. The arrow hits the kobold.
The kobold is moderately wounded.
The kobold hits you with a +0 whip.
* * * LOW HITPOINT WARNING * * *
You are too injured to fight recklessly!
You shoot an arrow. The arrow barely misses the kobold.
The kobold hits you with a +0 whip.
You die...

#.# #.# .#
##'####..#
+...'..#
####.<.####
###..'...'..#
##..####'####..#
##.### #.# .#
#@#### ###
#KK..#
#)†.!.....
...........
.............
#..............
..)............
#.##..##.######
.. ... ..


You could see 2 kobolds.

Vanquished Creatures
  2 giant cockroaches (D:1)
  A goblin (D:1)
  A kobold (D:1)
  A quokka (D:1)
5 creatures vanquished.

Notes
Turn   | Place    | Note
-------+----------+-------------------------------------------
     0 | D:1      | zenocrate the Formicid Hunter began the quest for the Orb.
     0 | D:1      | Reached XP level 1. HP: 16/16 MP: 1/1
    29 | D:1      | Reached XP level 2. HP: 6/23 MP: 2/2
    30 | D:1      | HP: 1/23 [kobold/+0 whip (5)]
    31 | D:1      | Slain by a kobold

Illustrated notes

Levels and vault maps discovered:
D:1:      dpeg_arrival_radiant, layout_rooms,
          chequers_ecumenical_altar_simple_redux, serial_shops,
          nicolae_shop_advertising_works [nicolae_subvault_shop_adworks]

Action                     || total
---------------------------++-------
   Fire: Shortbow          ||    13
 Armour: Leather armour    ||     2
  Dodge: Dodged            ||     6

Table legend: (Time is in decaauts)
 A = Elapsed time spent in this place.
 B = Non-inter-level travel time spent in this place.
 C = Inter-level travel time spent in this place.
 D = Time resting spent in this place.
 E = Time spent auto-exploring this place.
 F = Levels seen in this place.
 G = Mean time per level.
                   A        B        C        D        E       F      G
               +--------+--------+--------+--------+--------+-----+--------+
         Total |     34 |     34 |      0 |      0 |     13 |   1 |   34.0 |
       Dungeon |     34 |     34 |      0 |      0 |     13 |   1 |   34.0 |
               +--------+--------+--------+--------+--------+-----+--------+

Top non-repeatable levels by time:
     D:1: 34 daAuts
